 Dungeon Crawl Stone Soup version 0.25-a0-517-gf8b3a32422 (webtiles) character file.

Game seed: 8792974722515903954, levelgen mode: deterministic

3347 Flugslaktarn the Cleaver (level 9, -5/82 HPs)
             Began as a Deep Dwarf Fighter on Feb 17, 2020.
             Was a Believer of Makhleb.
             Slain by a 16-headed hydra (6 damage)
             ... on level 8 of the Dungeon.
             The game lasted 00:03:19 (3367 turns).

Flugslaktarn the Cleaver (Deep Dwarf Fighter)       Turns: 3367, Time: 00:03:19

Health: -5/82      AC: 14    Str: 29    XL:     9   Next: 72%
Magic:  8/8        EV:  7    Int:  8    God:    Makhleb [**....]
Gold:   237        SH: 12    Dex: 18    Spells: 8/8 levels left

rFire    . . .     SeeInvis .   k - +0 hand axe (freeze)
rCold    . . .     Gourm    .   c - +0 kite shield
rNeg     . . .     Faith    .   t - +1 chain mail "Anasm" {Dex+6} (curse)
rPois    .         Spirit   .   (no helmet)
rElec    .         Reflect  .   x - +0 cloak
rCorr    .         Harm     .   C - +0 pair of gloves
MR       +....                  (no boots)
Stlth    ..........             (no amulet)
HPRegen  0.00/turn              (no ring)
MPRegen  0.11/turn              (no ring)

@: mighty, non-regenerating, hasted, very quick
A: damage resistance, heal wounds, sense surroundings 2, no regeneration
a: Heal Wounds, Minor Destruction, Renounce Religion


You were on level 8 of the Dungeon.
You worshipped Makhleb.
Makhleb was pleased with you.
You were not hungry.

You visited 2 branches of the dungeon, and saw 9 of its levels.

You collected 237 gold pieces.

Inventory:

Hand Weapons
 a - a +0 war axe
 k - a +0 hand axe of freezing (weapon)
   (You took it off an orc on level 7 of the Dungeon)
 y - a cursed +3 hand axe
   (You took it off a wight on level 7 of the Dungeon)
Missiles
 j - 3 throwing nets (quivered)
Armour
 b - a +0 scale mail
 c - a +0 kite shield (worn)
 t - the cursed +1 chain mail "Anasm" (worn) {Dex+6}
   (You found it on level 4 of the Dungeon)

   It affects your dexterity (+6).
   If you remove this armour, your AC will decrease by 12 (14 -> 2).
   It has a curse placed upon it.
 x - a +0 cloak (worn)
   (You found it on level 6 of the Dungeon)
 C - a +0 pair of gloves (worn)
   (You found it on level 8 of the Dungeon)
Jewellery
 p - an uncursed ring of see invisible {unknown}
   (You found it on level 4 of the Dungeon)
 v - an uncursed amulet of the gourmand {unknown}
   (You found it on level 5 of the Dungeon)
Scrolls
 f - 6 scrolls of teleportation {unknown}
 g - 4 scrolls of identify {unknown}
 i - 3 scrolls of immolation {unknown}
 l - 5 scrolls of remove curse {unknown}
 m - 2 scrolls of enchant weapon {unknown}
 n - a scroll of amnesia {unknown}
 s - a scroll of magic mapping {unknown}
 u - a scroll of random uselessness {unknown}
 w - 2 scrolls of enchant armour {unknown}
 B - a scroll of silence {unknown}
 D - a scroll of fear {unknown}
Potions
 d - a potion of might
 h - a potion of haste
 o - a potion of degeneration {unknown}
 q - 2 potions of curing {unknown}
 r - a potion of lignification {unknown}
 z - a potion of magic {unknown}
 E - 2 potions of mutation {unknown}
Comestibles
 e - 14 rations
 A - 3 chunks of flesh


   Skills:
 + Level 5.9 Fighting
 * Level 9.2 Axes
 + Level 7.0 Armour
 + Level 7.1 Shields
 + Level 6.5 Invocations


You had 8 spell levels left.
You didn't know any spells.
Your spell library was empty.

Dungeon Overview and Level Annotations

Branches:
Dungeon (8/15)             Temple (1/1) D:5
   Lair: D:8-11

Altars:
Ashenzari
Dithmenos
Elyvilon
Hepliaklqana
Makhleb
Okawaru
Qazlal
Ru
Sif Muna
Uskayaw
Wu Jian
Xom
Zin
The Shining One

Annotations:
D:5 2 exclusions


Innate Abilities, Weirdness & Mutations

You are resistant to damage.
You can heal yourself by infusing magical energy.
You passively map the area around you.
You do not regenerate.


Message History

You block the 14-headed hydra's attack. x2
The 14-headed hydra bites you but does no damage.
The 14-headed hydra closely misses you. The 14-headed hydra bites you.
* * * LOW HITPOINT WARNING * * *
You block the 14-headed hydra's attack.
You slice one of the 14-headed hydra's heads off!
The 13-headed hydra grows two more!
You slash the 15-headed hydra!
The 15-headed hydra seems to slow down.
You freeze the 15-headed hydra.
The 15-headed hydra is severely wounded.
You chop one of the 15-headed hydra's heads off!
The 14-headed hydra grows two more!
You hit the 16-headed hydra. You freeze the 16-headed hydra.
The 16-headed hydra is severely wounded.
You block the 16-headed hydra's attack. The 16-headed hydra barely misses you.
You block the 16-headed hydra's attack. The 16-headed hydra bites you.
The 16-headed hydra bites you!
* * * LOW HITPOINT WARNING * * *
You block the 16-headed hydra's attack. The 16-headed hydra closely misses you.
The 16-headed hydra bites you!
You die...

.......#.# #.###......##.....
.........#
##.#....#.####8...8
.......#### *#...........#*
#_##*
...............##..##..#####
#
.#.##..#.#######...##......#
...##.##.# #.#.###....##*, ,
##....# # ###.........##*,
......##.# #..D........# , *,
..........####..@(.......##.
.....###....##.#...........<#
* ...รท.# *
.................### , .....#
.....#............# ** ,
...))##..#...###..##......>(
...#..<.##.# **#.....##..#.#.
##...###...# #...#.# ..#...
<....... .#*........# ....#.
* ........ #....###..* #..* ,
,


You could see a 16-headed hydra.

Vanquished Creatures
  Pikel (D:5)
  A troll (D:8)
  A basilisk (D:8)
  A hungry ghost (D:8)
  A black bear (D:7)
  A sky beast (D:8)
  4 ogres
  A phantom (D:7)
  A necrophage (D:7)
  A centaur (D:8)
  5 bullfrogs
  3 scorpions
  3 wights (D:7)
  3 electric eels
  A bullfrog zombie (D:5)
  2 crimson imps
  2 quasits
  6 orc priests
  2 hounds
  2 jellies
  A centaur skeleton (D:8)
  4 orc wizards
  5 worker ants
  2 iguanas
  2 hound skeletons
  2 howler monkey zombies (D:8)
  A worker ant zombie (D:2)
  8 adders
  A shadow imp (D:5)
  An adder skeleton (D:8)
  3 worms
  A leopard gecko (D:5)
  19 orcs
  4 giant cockroaches
  5 hobgoblins
  5 jackals
  3 kobolds
  A quokka (D:3)
  A ball python (D:4)
  3 bats (D:2)
  2 frilled lizards
  A giant cockroach zombie (D:5)
  A goblin (D:3)
  A leopard gecko skeleton (D:8)
  A leopard gecko zombie (D:8)
  2 rats (D:1)
122 creatures vanquished.

Vanquished Creatures (others)
  Eustachio (D:5)
  2 slaves (D:5)
  An electric eel (D:5)
  A plant (D:6)
5 creatures vanquished.

Grand Total: 127 creatures vanquished

Notes
Turn   | Place    | Note
-------+----------+-------------------------------------------
     0 | D:1      | Flugslaktarn the Deep Dwarf Fighter began the quest for the
                  | Orb.
     0 | D:1      | Reached XP level 1. HP: 20/20 MP: 1/1
   100 | D:2      | Reached XP level 2. HP: 17/27 MP: 2/2
   269 | D:2      | Reached skill level 3 in Axes
   269 | D:2      | Reached XP level 3. HP: 27/34 MP: 3/3
   486 | D:4      | Reached XP level 4. HP: 42/42 MP: 4/4
   592 | D:4      | Found a shimmering blue altar of Sif Muna.
   771 | D:4      | Reached skill level 4 in Axes
   771 | D:4      | Reached XP level 5. HP: 18/49 MP: 5/5
  1033 | D:4      | Got a translucent chain mail
  1044 | D:4      | Identified the cursed +1 chain mail "Anasm" {Dex+6} (You
                  | found it on level 4 of the Dungeon)
  1165 | D:5      | Entered Level 5 of the Dungeon
  1175 | D:5      | Found a staircase to the Ecumenical Temple.
  1194 | Temple   | Entered the Ecumenical Temple
  1210 | Temple   | Became a worshipper of Makhleb the Destroyer
  1263 | D:5      | Reached XP level 6. HP: 38/57 MP: 5/5
  1266 | D:5      | Reached skill level 1 in Invocations
  1277 | D:5      | Reached skill level 5 in Axes
  1592 | D:5      | Noticed a slave
  1597 | D:5      | Noticed Pikel
  1606 | D:5      | Reached XP level 7. HP: 26/64 MP: 6/6
  1623 | D:5      | Killed Pikel
  1623 | D:5      | Reached skill level 6 in Axes
  1623 | D:5      | Reached skill level 5 in Armour
  1623 | D:5      | Reached skill level 5 in Shields
  1623 | D:5      | Reached XP level 8. HP: 44/73 MP: 6/8
  1663 | D:5      | Killed Eustachio
  2005 | D:6      | Reached skill level 7 in Axes
  2087 | D:6      | Reached * piety under Makhleb
  2259 | D:7      | Reached skill level 5 in Fighting
  2316 | D:7      | Reached skill level 5 in Invocations
  2340 | D:7      | Gained mutation: You passively map the area around you.
                  | [Deep Dwarf growth]
  2340 | D:7      | Reached XP level 9. HP: 24/80 MP: 9/9
  2373 | D:7      | Reached skill level 8 in Axes
  2925 | D:8      | Noticed a troll
  2972 | D:8      | Killed a troll
  3024 | D:8      | Reached ** piety under Makhleb
  3134 | D:8      | Reached skill level 9 in Axes
  3294 | D:8      | Found a hide-covered altar of Uskayaw.
  3296 | D:8      | Found an ornate altar of the Wu Jian Council.
  3314 | D:8      | Noticed a four-headed hydra
  3327 | D:8      | HP: 4/82 [eight-headed hydra (11)]
  3367 | D:8      | HP: 1/82 [16-headed hydra (8)]
  3367 | D:8      | Slain by a 16-headed hydra

Levels and vault maps discovered:
D:1:      dpeg_arrival_snail, layout_rooms, chequers_serial_rivers_micro_c
D:2:      layout_basic, overflow_temple_1_default,
          nicolae_overflow_crystal_walls, patterned_corridor
D:3:      kennysheep_goblin_castle, layout_loops_ring,
          lemuel_coloured_pillars_altar, nemelex_xobeh_ov_fountains_minmay,
          first_ration, gammafunk_ghost_icy, uniq_jessica,
          uniq_crazy_yiuf_cottage
D:4:      layout_loops_ring, tgw_sif
D:5:      cheibrodos_two_vegetables, layout_loops_ring,
          minmay_temple_entry_grid, chequers_serial_rivers_micro_b,
          uniq_eustachio, uniq_pikel
D:6:      layout_rooms, serial_bayou_lake_a
D:7:      layout_loops_ring, grunt_ogre_cave
D:8:      layout_rooms, nicolae_overflow_hidden_temple, disabler_island
Temple:   minmay_freezing_vapour_temple

Skill      XL: |  1  2  3  4  5  6  7  8  9 |
---------------+----------------------------+-----
Fighting       | 3 4 5 |  5.9
Axes           | 3 4 5 6 7 9 |  9.2
Armour         | 4 5 6 7 |  7.0
Shields        | 4 5 6 7 |  7.1
Invocations    | 2 3 5 6 |  6.5

Action                   |  1- 3 |  4- 6 |  7- 9 || total
-------------------------+-------+-------+-------++-------
Melee: War axe           |    89 |   127 |   149 ||   365
       Hand axe          |       |       |   199 ||   199
 Abil: Heal Wounds       |     4 |     2 |    24 ||    30
  Use: Potion            |       |       |     2 ||     2
  Eat: Chunk             |       |     3 |     8 ||    11
Armor: Scale mail        |    28 |    16 |       ||    44
       Chain mail        |       |    51 |   167 ||   218
Dodge: Dodged            |    41 |    41 |    73 ||   155
Block: Kite shield       |    42 |    77 |   229 ||   348

Table legend:
 A = Non-vault XP
 B = Vault XP
 C = Vault XP percentage of total XP
 D = Non-vault monster count
 E = Vault monster count
 F = Vault count percentage of total count
                 A         B        C        D         E       F
            +---------+---------+-------+---------+---------+-------
      Total |    3653 |    1129 |  23.6 |     115 |       7 |   5.7
            +---------+---------+-------+---------+---------+-------
        D:1 |      10 |       0 |   0.0 |       6 |       0 |   0.0
        D:2 |      45 |       0 |   0.0 |       8 |       0 |   0.0
        D:3 |      24 |       0 |   0.0 |       8 |       0 |   0.0
        D:4 |     192 |       0 |   0.0 |      12 |       0 |   0.0
        D:5 |     544 |     718 |  56.9 |      31 |       3 |   8.8
        D:6 |     596 |       0 |   0.0 |      11 |       0 |   0.0
        D:7 |    1178 |     118 |   9.1 |      20 |       1 |   4.8
        D:8 |    1064 |     293 |  21.6 |      19 |       3 |  13.6
            +---------+---------+-------+---------+---------+-------
